Map: Disco Bloodbath LE

Players

WaLu

  • Race: Terran Terran
  • League: Platinum
  • Spawn Location: 9:00

pHARM - Winner!

  • Race: Zerg Zerg
  • League: Platinum
  • Spawn Location: 3:00

VOD

Have the link to the VOD?

Description

Time

  • Played on: Aug. 26, 2019, 8:02 a.m.
  • Length: 9:39
Show
View Real Time Build Order
Export as new Build Order

WaLu Terran 

Build Orders: 2 Factory, Command Center First (CC) 

Get SALT Encoding   

  12  0:01  SCV  
  13  0:13  SCV  
  14  0:18  Supply Depot  
  14  0:25  SCV  
  15  0:40  SCV  
  16  0:52  SCV  
  17  1:01  Command Center  
  17  1:05  SCV  
  18  1:16  Barracks  
  18  1:19  SCV  
  19  1:25  Refinery  
  19  1:31  SCV  
  20  1:35  Refinery  
  20  1:47  SCV  
  21  1:59  SCV  
  22  2:06  Marine  
  23  2:12  Orbital Command  
  23  2:14  Orbital Command  
  23  2:18  Bunker  
  23  2:24  Marine  
  23  2:28  Factory  
  24  2:37  SCV, Supply Depot  
  25  2:49  Barracks Reactor  
  25  2:54  SCV x2  
  27  3:06  SCV x2  
  27  3:11  Engineering Bay  
  27  3:12  Factory  
  29  3:17  Starport  
  29  3:18  SCV  
  30  3:33  Widow Mine  
  30  3:34  Widow Mine  
  34  3:35  SCV x2  
  34  3:40  Supply Depot  
  36  3:49  SCV x2  
  38  3:57  Factory Tech Lab  
  38  4:01  SCV x2  
  38  4:02  Hellion x2, Armory  
  44  4:10  Supply Depot  
  44  4:13  SCV x2  
  46  4:19  Refinery  
  46  4:21  Refinery  
  46  4:22  Hellion  
  48  4:25  Liberator, SCV x2, Hellion  
  48  4:27  Hellion  
  54  4:31  Infernal Pre-Igniter  
  54  4:40  SCV x2  
  61  4:45  Hellion  
  61  4:52  SCV  
  62  5:02  Supply Depot  
  62  5:09  Command Center  
  62  5:13  Missile Turret  
  62  5:15  Supply Depot  
  62  5:16  Terran Vehicle And Ship Armor Level 1  
  62  5:24  SCV x2, Hellion  
  66  5:36  SCV  
  67  5:45  Hellion x3  
  69  5:57  Liberator  
  63  6:07  Siege Tank  
  63  6:09  Widow Mine x2  
  69  6:40  Liberator  
  68  6:51  Siege Tank  
  74  7:12  SCV  
  75  7:25  SCV  
  75  7:26  SCV  
  77  7:33  Command Center  
  75  7:38  Missile Turret  
  75  7:43  Missile Turret  
  71  7:49  Planetary Fortress  
  71  7:50  SCV  
  71  7:51  SCV  
  73  7:52  Siege Tank  
  73  7:54  Hellbat  
  73  7:55  Hellbat  
  80  8:17  Refinery  
  80  8:18  Refinery  
  80  8:22  SCV  
  80  8:24  Siege Tank, Starport Reactor, Supply Depot  
  84  8:33  Factory  
  84  8:35  SCV  
  84  8:37  Factory  
  84  8:40  Armory  
  85  8:45  Supply Depot  
  85  8:47  Supply Depot  
  85  8:49  Marine  
  85  8:54  Orbital Command  
  75  9:07  Marine  
  79  9:11  Missile Turret  
  67  9:19  Factory  
  62  9:25  SCV  
  58  9:33  Missile Turret  
Show
View Real Time Build Order
Export as new Build Order

pHARM Zerg - Winner!

Build Orders: Hatch First 

Get SALT Encoding   

  12  0:04  Drone  
  13  0:18  Overlord  
  13  0:33  Drone  
  14  0:37  Drone x2  
  16  0:45  Drone  
  17  0:56  Hatchery  
  16  1:01  Drone  
  17  1:06  Drone  
  18  1:21  Spawning Pool  
  18  1:23  Drone  
  18  1:41  Drone  
  18  1:46  Drone  
  20  1:47  Extractor  
  19  2:01  Drone x2  
  21  2:14  Drone x2  
  23  2:15  Queen  
  23  2:16  Queen  
  23  2:20  Zergling x2  
  28  2:23  Overlord  
  28  2:38  Overlord  
  28  2:39  Overlord  
  28  2:44  Drone x2  
  30  2:56  Queen  
  32  2:58  Lair  
  32  3:03  Drone x3  
  35  3:19  Drone x3  
  38  3:36  Evolution Chamber  
  38  3:37  Drone x4  
  38  3:38  Drone x3  
  38  3:40  Roach Warren  
  43  3:45  Overlord x2  
  43  3:53  Extractor  
  42  3:56  Extractor  
  41  4:03  Zerg Missile Weapons Level 1  
  42  4:10  Drone x6  
  47  4:25  Glial Reconstitution  
  47  4:29  Drone  
  47  4:30  Roach x5  
  58  4:33  Roach  
  58  4:35  Overlord  
  60  4:55  Drone  
  61  5:00  Roach  
  61  5:01  Roach x2  
  61  5:03  Overlord x4  
  67  5:08  Hatchery  
  66  5:20  Roach  
  74  5:21  Roach x4  
  76  5:31  Spore Crawler  
  76  5:32  Spore Crawler  
  74  5:39  Drone x3  
  74  5:40  Spore Crawler  
  76  5:43  Spore Crawler  
  76  5:45  Spore Crawler  
  76  5:46  Drone x3  
  76  5:47  Spore Crawler  
  74  5:57  Roach x6  
  85  6:28  Drone x6  
  79  6:48  Drone x6  
  85  7:01  Zerg Missile Weapons Level 2  
  85  7:13  Drone  
  85  7:15  Hydralisk Den  
  85  7:24  Nydus Network  
  85  7:26  Drone, Extractor  
  85  7:27  Extractor, Drone x8  
  81  7:51  Grooved Spines, Extractor  
  80  8:08  Hydralisk x9  
  80  8:12  Overlord x3  
  98  8:41  Nydus Canal  
  98  8:47  Hydralisk x8  
Tags
 
Add a new tag
Caveats
  • Supply blocks, unpowered buildings, or Contaminate may cause inaccurate times.
  • Supply counts are checked every 10 seconds.